 Dungeon Crawl Stone Soup version 0.19.5 (webtiles) character file.

701 greprep the Covert (level 7, -2/33 HPs)
             Began as a Spriggan Enchanter on May 15, 2017.
             Killed from afar by an orc wizard (9 damage)
             ... with a magic dart
             ... on level 4 of the Dungeon.
             The game lasted 00:14:07 (3935 turns).

greprep the Covert (Spriggan Enchanter)             Turns: 3935, Time: 00:14:08

Health: -2/33      AC:  3    Str:  4    XL:     7   Next: 38%
Magic:  1/14       EV: 20    Int: 16    God:
Gold:   93         SH:  0    Dex: 19    Spells: 3 memorised, 8 levels left

rFire  . . .     SeeInvis +     a - +2 dagger
rCold  . . .     Gourm    .     b - +1 robe
rNeg   . . .     Faith    .     (shield restricted)
rPois  .         Spirit   .     (helmet restricted)
rElec  .         Reflect  .     (no cloak)
rCorr  .         Harm     .     (gloves unavailable)
MR     +....                    (boots unavailable)
Stlth  ++++......               (no amulet)
                                (no ring)
                                (no ring)

@: very slightly contaminated, very quick
A: unfitting armour, see invisible, herbivore 3, speed 3, slow metabolism 2
a: no special abilities


You were on level 4 of the Dungeon.
You were not hungry.

You visited 1 branch of the dungeon, and saw 4 of its levels.

You collected 170 gold pieces.
You spent 77 gold pieces at shops.

Inventory:

Hand Weapons
 a - a +2 dagger (weapon)
Armour
 b - a +1 robe (worn)
Jewellery
 e - a cursed ring of teleportation {unknown}
Scrolls
 h - a scroll of teleportation {unknown}
 i - a scroll of enchant weapon
 n - 5 scrolls of identify
Potions
 j - a potion of haste {unknown}
 k - a potion of magic {unknown}
 m - a potion of mutation {unknown}
 o - a potion of agility {unknown}
 p - 2 potions of curing {unknown}
 q - a potion of flight {unknown}
Books
 c - a book of Maledictions

   Spells                             Type                      Level
   a - Corona                         Hexes                        1
   b - Ensorcelled Hibernation        Hexes/Ice                    2
   c - Confuse                        Hexes                        3
   d - Tukima's Dance                 Hexes                        3
   e - Dazzling Spray                 Conjuration/Hexes            3
Comestibles
 d - 2 bread rations
 f - 6 fruits


   Skills:
 * Level 1.3 Fighting
 * Level 3.2 Short Blades
 * Level 1.2 Armour
 + Level 4.6 Dodging
 + Level 8.3 Stealth
 + Level 4.3 Spellcasting
 + Level 5.0 Hexes
 + Level 1.4 Ice Magic


You had 8 spell levels left.
You knew the following spells:

 Your Spells              Type           Power        Failure   Level  Hunger
a - Corona                Hex            ###....      1%          1    None
b - Ensorcelled Hibernat  Hex/Ice        ##....       10%         2    ##.....
c - Confuse               Hex            ###.....     8%          3    ###....


Dungeon Overview and Level Annotations

Branches:
Dungeon (4/15)
 Temple: D:4-7

Altars:
Elyvilon
Kikubaaqudgha
Okawaru
Sif Muna
Xom
Zin
The Shining One

Shops:
D:4 *


Innate Abilities, Weirdness & Mutations

You are very small and have problems with some larger weapons.
You are too small for most types of armour.
You have supernaturally acute eyesight. (SInv)
You are a herbivore.
You cover ground extremely quickly.
You need consume almost no food.


Message History

You resist with almost no effort. The orc completely misses you.
You hit the orc wizard.
The orc wizard is heavily wounded.
The orc wizard gestures wildly while chanting.
The orc wizard blinks!
You closely miss the orc. The orc hits you but does no damage.
The orc wizard mumbles some strange words.
The orc wizard blinks!
Casting: Ensorcelled Hibernation
Confirm with . or Enter, or press ? or * to list all spells.
Aiming: Ensorcelled Hibernation
Press: ? - help, Shift-Dir - straight line, f/p - orc
Aim: an orc (chance to defeat MR: 62%)
The orc looks drowsy...
The helpless orc fails to defend itself.
You perforate the orc like a sieve!!!
You kill the orc!
The orc wizard casts a spell at you. The magic dart hits you!
You die...

#..... .....#
##....#
#.....#
#.....#
#######.....#
#..@.o......#
####......#.
####..## #).#
##.## #.o#
##.## #. #..#
##. ##.##


You could see an orc wizard.

Vanquished Creatures
  Sigmund (D:3)
  The ghost of edgar the Stinger, an amateur SpVM (D:4)
  An ice beast (D:3)
  A centaur (D:4)
  4 orc wizards
  4 gnolls (D:3)
  5 adders
  3 worms (D:2)
  3 leopard geckos
  5 orcs
  4 giant cockroaches
  5 goblins
  2 hobgoblins (D:1)
  3 jackals
  13 bats
  9 frilled lizards
  7 kobolds
  6 rats
77 creatures vanquished.

Notes
Turn   | Place    | Note
-------+----------+-------------------------------------------
     0 | D:1      | greprep the Spriggan Enchanter began the quest for the Orb.
     0 | D:1      | Reached XP level 1. HP: 9/9 MP: 5/5
   214 | D:1      | Reached XP level 2. HP: 7/13 MP: 6/6
   218 | D:1      | Learned a level 2 spell: Ensorcelled Hibernation
   532 | D:1      | Reached skill level 5 in Stealth
  1194 | D:2      | Reached XP level 3. HP: 16/16 MP: 8/8
  1262 | D:2      | Found a shimmering altar of Xom.
  1475 | D:2      | Found an ancient bone altar of Kikubaaqudgha.
  1554 | D:2      | Reached XP level 4. HP: 21/21 MP: 9/9
  1556 | D:2      | Reached skill level 6 in Stealth
  1923 | D:3      | Noticed Sigmund
  1942 | D:3      | Killed Sigmund
  1942 | D:3      | Reached skill level 7 in Stealth
  1942 | D:3      | Reached XP level 5. HP: 22/24 MP: 5/11
  2024 | D:3      | Found an iron altar of Okawaru.
  2036 | D:3      | Reached skill level 1 in Ice Magic
  2043 | D:3      | Reached XP level 6. HP: 28/28 MP: 3/12
  2446 | D:3      | Found a glowing golden altar of the Shining One.
  2446 | D:3      | Found a glowing silver altar of Zin.
  2446 | D:3      | Found a white marble altar of Elyvilon.
  2538 | D:3      | Found a faded altar of an unknown god.
  2620 | D:3      | Found a deep blue altar of Sif Muna.
  2872 | D:3      | Learned a level 3 spell: Confuse
  3014 | D:3      | Identified Sif Muna's Almanac of the Oath
  3250 | D:4      | Reached skill level 1 in Fighting
  3331 | D:4      | Noticed edgar's ghost (amateur SpVM)
  3624 | D:3      | Noticed an ice beast
  3644 | D:3      | Killed an ice beast
  3644 | D:3      | Reached skill level 8 in Stealth
  3644 | D:3      | Reached XP level 7. HP: 16/33 MP: 10/14
  3810 | D:4      | Killed edgar's ghost
  3810 | D:4      | Reached skill level 1 in Armour
  3810 | D:4      | Reached skill level 5 in Hexes
  3868 | D:4      | Found Uqykh's General Store.
  3872 | D:4      | Bought a scroll of identify for 22 gold pieces
  3872 | D:4      | Bought a potion of heal wounds for 55 gold pieces
  3935 | D:4      | Killed from afar by an orc wizard

Skill      XL: |  1  2  3  4  5  6  7 |
---------------+----------------------+-----
Hexes          | 4 5 |  5.0
Stealth        | 5 7 8 |  8.3
Short Blades   | 2 3 |  3.2
Dodging        | 4 |  4.6
Spellcasting   | 3 4 |  4.3
Ice Magic      | 1 |  1.4
Fighting       | 1 |  1.3
Armour         | 1 |  1.2

Action                   |  1- 3 |  4- 6 |  7- 9 || total
-------------------------+-------+-------+-------++-------
Melee: Dagger            |   138 |    84 |    35 ||   257
 Cast: Ensorcelled Hiber |    11 |    31 |     5 ||    47
       Corona            |       |     1 |       ||     1
       Confuse           |       |     9 |     4 ||    13
  Use: Scroll            |       |     5 |       ||     5
       Potion            |       |       |     1 ||     1
 Stab: Sleeping          |    22 |    21 |     2 ||    45
       Confused          |       |     1 |     2 ||     3
       Distracted        |       |     1 |       ||     1
  Eat: Fruit             |       |     2 |       ||     2
       Pizza             |       |     2 |       ||     2
       Royal jelly       |       |     1 |       ||     1
Armor: Robe              |    28 |    10 |     5 ||    43
Dodge: Dodged            |   110 |    81 |    32 ||   223
